[Event "Early-Titled-Tuesday-Blitz-March-05-2024"]
[Site "Chess.com"]
[Date "2024.03.05"]
[Round "2"]
[White "AsaHoffmann"]
[Black "Egor_Koshulyan"]
[Result "0-1"]
[WhiteElo "2430"]
[BlackElo "2703"]
[TimeControl "180+1"]
[EndTime "8:14:49 PST"]
[Termination "Egor_Koshulyan won by resignation"]

1. d4 Nf6 2. Bg5 d5 3. Nd2 c5 4. e3 Nc6 5. c3 Qb6 6. b3 Bf5 7.
Ngf3 Qa5 8. Qc1 Rc8 9. a3 Ne4 10. Nxe4 dxe4 11. Nd2 cxd4 12. Nc4 Qxc3+ 13. Qxc3 dxc3 14.
Rc1 b5 15. Na5 Nxa5 16. Bxb5+ Bd7 17. Bxd7+ Kxd7 18. b4 Nb7 19. Ke2 Nd6 20. Rhd1 g6 21.
Rd5 Bg7 22. Ra5 Rc7 23. Bf4 Rhc8 24. f3 c2 25. fxe4 Bb2 26. Bxd6 exd6 27. Rf1 c1=Q 28. Rxf7+ Ke6 0-1

[Event "Early-Titled-Tuesday-Blitz-March-05-2024"]
[Site "Chess.com"]
[Date "2024.03.05"]
[Round "2"]
[White "aridannie"]
[Black "Iskusnyh"]
[Result "0-1"]
[WhiteElo "2392"]
[BlackElo "2698"]
[TimeControl "180+1"]
[EndTime "8:14:59 PST"]
[Termination "Iskusnyh won by resignation"]

1. d4 d5 2. Bg5 h6 3. Bh4 c5 4. e3 Nc6 5. c3 Qb6 6. Qc1 Bf5 7.
Nd2 cxd4 8. exd4 Rc8 9. Ngf3 Nb4 10. cxb4 Rxc1+ 11. Rxc1 Nf6 12. a3 g5 13. Bg3 Bg7 14.
Be2 O-O 15. O-O g4 16. Ne5 Qxd4 17. Nb3 Qxb2 0-1

[Event "Early-Titled-Tuesday-Blitz-March-05-2024"]
[Site "Chess.com"]
[Date "2024.03.05"]
[Round "2"]
[White "ElCoachRene"]
[Black "LileKoridze"]
[Result "0-1"]
[WhiteElo "1990"]
[BlackElo "2437"]
[TimeControl "180+1"]
[EndTime "8:15:00 PST"]
[Termination "LileKoridze won by resignation"]

1. Nf3 Nf6 2. d4 e6 3. Bf4 d5 4.
e3 Bd6 5. Bg3 O-O 6. Nbd2 c5 7. c3 Nc6 8. Bd3 Qc7 9. dxc5 Bxg3 10.
hxg3 h6 11. b4 Ne5 12. Nxe5 Qxe5 13. Rc1 Bd7 14. Nf3 Qc7 15. Qc2 e5 16. Bf5 e4 17.
Nd4 Bxf5 18. Nxf5 Qe5 19. Nd4 b6 20. c6 Ne8 21. Qe2 Nd6 22. Rh5 Qf6 23. Qg4 Nc4 24. Nf5 Ne5 25. Qf4 Nd3+ 0-1

[Event "Early-Titled-Tuesday-Blitz-March-05-2024"]
[Site "Chess.com"]
[Date "2024.03.05"]
[Round "2"]
[White "MagnusCarlsen"]
[Black "profedechess93"]
[Result "1-0"]
[WhiteElo "3276"]
[BlackElo "2641"]
[TimeControl "180+1"]
[EndTime "8:15:05 PST"]
[Termination "MagnusCarlsen won by resignation"]

1. c4 e5 2. d3 Bb4+ 3. Nd2 Nf6 4. Nf3 Nc6 5. a3 Bxd2+ 6. Qxd2 d5 7. cxd5 Qxd5 8. e4 Qd6 9. h3 O-O 10. Qc3 a5 11.
Be3 b6 12. Be2 Rd8 13. Rc1 Bb7 14. O-O Rac8 15. Qc4 h6 16. Rfd1 Qe7 17. Qb5 Qe6 18. b4 axb4 19. axb4 Nd4 20. Nxd4 exd4 21. Bf4 Nxe4 22.
dxe4 Qxe4 23. Bf3 1-0

[Event "Early-Titled-Tuesday-Blitz-March-05-2024"]
[Site "Chess.com"]
[Date "2024.03.05"]
[Round "2"]
[White "Rokis13"]
[Black "Vaathi_Coming"]
[Result "0-1"]
[WhiteElo "2581"]
[BlackElo "2892"]
[TimeControl "180+1"]
[EndTime "8:15:08 PST"]
[Termination "Vaathi_Coming won by resignation"]

1. e4 e6 2. d3 d5 3. Nd2 c5 4.
Ngf3 Nc6 5. g3 g6 6. Bg2 Bg7 7. O-O Nge7 8. Qe2 O-O 9. a4 b6 10. Re1 Nb4 11. Nf1 dxe4 12. Qxe4 Nxc2 13. Qxa8 Nxa1 14. Qxa7 Nc6 15. Qa8 Qd7 16. Bf4 Nc2 17. Rc1 N2b4 18. d4 Bb7 19. Qxf8+ Bxf8 20. dxc5 Bxc5 0-1

[Event "Early-Titled-Tuesday-Blitz-March-05-2024"]
[Site "Chess.com"]
[Date "2024.03.05"]
[Round "2"]
[White "giomar27"]
[Black "BardArtem"]
[Result "0-1"]
[WhiteElo "2399"]
[BlackElo "2712"]
[TimeControl "180+1"]
[EndTime "8:15:14 PST"]
[Termination "BardArtem won by resignation"]

1. e4 b6 2. d4 Bb7 3. Nc3 e6 4.
f4 Bb4 5. Bd3 Nf6 6. Qf3 d5 7.
e5 Ne4 8. Ne2 c5 9. O-O Bxc3 10.
bxc3 g6 11. a4 Qc7 12. a5 bxa5 13. Ba3 Nd2 14. Bb5+ Bc6 15. Bxc6+ Qxc6 16. Qg4 Nxf1 17. Rxf1 Nd7 18. Qg5 Qa4 19. Ra1 Qxc2 20. dxc5 Qxe2 21. c6 Qe3+ 22. Kh1 Nc5 23. Qf6 O-O 24. f5 Ne4 25. h3 0-1

[Event "Early-Titled-Tuesday-Blitz-March-05-2024"]
[Site "Chess.com"]
[Date "2024.03.05"]
[Round "2"]
[White "Schattman"]
[Black "Capiberibe"]
[Result "1-0"]
[WhiteElo "2439"]
[BlackElo "1995"]
[TimeControl "180+1"]
[EndTime "8:15:14 PST"]
[Termination "Schattman won by resignation"]

1. d4 Nf6 2. Bf4 d5 3. e3 e6 4.
Nf3 Bd6 5. Ne5 O-O 6. Bd3 b6 7.
Nd2 Ba6 8. Bxa6 Nxa6 9. c3 Nb8 10. Qf3 Nfd7 11. Nd3 Qe7 12. e4 dxe4 13. Qxe4 c6 14. O-O Nf6 15. Qf3 Bxf4 16. Qxf4 Nbd7 17. Rfe1 c5 18. Nf3 cxd4 19. Qxd4 Rac8 20. Qa4 Nc5 21. Nxc5 Rxc5 22. Rad1 Ra5 23. Qb3 Rd5 24. Rxd5 Nxd5 25.
Qxd5 1-0

[Event "Early-Titled-Tuesday-Blitz-March-05-2024"]
[Site "Chess.com"]
[Date "2024.03.05"]
[Round "2"]
[White "sergeikim"]
[Black "Sharafiev_Azat"]
[Result "0-1"]
[WhiteElo "2598"]
[BlackElo "2404"]
[TimeControl "180+1"]
[EndTime "8:15:26 PST"]
[Termination "Sharafiev_Azat won by resignation"]

1. d4 Nf6 2. c4 g6 3. Nc3 d5 4.
cxd5 Nxd5 5. e4 Nxc3 6. bxc3 Bg7 7. Bc4 c5 8. Ne2 O-O 9. O-O cxd4 10. cxd4 Nc6 11. Be3 e6 12. Qd2 b6 13. Rfd1 Bb7 14.
Bh6 Rc8 15. Bxg7 Kxg7 16. Rac1 Qh4 17. Ng3 Rfd8 18. d5 Ne5 19. Qb2 Qf6 20. Qe2 Nxc4 21. Rxc4 Ba6 22. e5 Qg5 23. h4 Bxc4 24. Qxc4 Rxc4 25.
hxg5 Rxd5 26. Re1 Rdc5 27. Kh2 Rc1 28. Re3 R5c3 29. Re2 R3c2 30. Re3 Rxf2 31. Ne4 Rf5 32. Nf6 Rxg5 0-1

[Event "Early-Titled-Tuesday-Blitz-March-05-2024"]
[Site "Chess.com"]
[Date "2024.03.05"]
[Round "2"]
[White "RantomOpening"]
[Black "Grandelicious"]
[Result "0-1"]
[WhiteElo "2584"]
[BlackElo "2902"]
[TimeControl "180+1"]
[EndTime "8:15:27 PST"]
[Termination "Grandelicious won by resignation"]

1. c4 c6 2. Nf3 d5 3. e3 Nf6 4. Nc3 Nbd7 5. d4 e6 6. b3 Bb4 7. Bd2 O-O 8. Bd3 Qe7 9. Ne5 Nxe5 10.
dxe5 Nd7 11. f4 f6 12. Qh5 g6 13. Qh6 fxe5 14. h4 e4 15. Bc2 Qf6 16. Nxe4 dxe4 17.
Bxb4 Qxa1+ 18. Kf2 Qxh1 19. Bc3 Nf6 20. Bxe4 0-1

[Event "Early-Titled-Tuesday-Blitz-March-05-2024"]
[Site "Chess.com"]
[Date "2024.03.05"]
[Round "2"]
[White "chessamical"]
[Black "FuenfgegenWilly"]
[Result "1-0"]
[WhiteElo "2126"]
[BlackElo "2434"]
[TimeControl "180+1"]
[EndTime "8:15:28 PST"]
[Termination "chessamical won by resignation"]

1. d4 Na6 2. e4 c6 3. Nc3 Nc7 4. Bf4 g6 5. Qd2 Bg7 6. O-O-O d5 7. e5 Ne6 8. Be3 c5 9. Nf3 cxd4 10. Nxd4 Bxe5 11.
Bb5+ Kf8 12. Nxe6+ Bxe6 13. Bd4 Bxd4 14. Qxd4 Nf6 15. h4 h5 16. Bc4 Qa5 17. Bxd5 Rd8 18. Qe5 Bxd5 19. Rhe1 Be6 20. Qxa5 Rxd1+ 21. Rxd1 Kg7 22.
Rd8 Rh6 23. Qe5 a6 24. Ne4 b5 25. Ng5 Bf5 26. Qxe7 1-0

[Event "Early-Titled-Tuesday-Blitz-March-05-2024"]
[Site "Chess.com"]
[Date "2024.03.05"]
[Round "2"]
[White "Hongjin"]
[Black "pr1105"]
[Result "1-0"]
[WhiteElo "2671"]
[BlackElo "2349"]
[TimeControl "180+1"]
[EndTime "8:15:29 PST"]
[Termination "Hongjin won by resignation"]

1. e4 e5 2. Nf3 Nc6 3. Bc4 Nf6 4. d3 Be7 5. c3 O-O 6. a4 d5 7. exd5 Nxd5 8. O-O Bg4 9. a5 a6 10. Re1 Nf6 11.
h3 Bh5 12. Nbd2 Bd6 13. Nf1 Qd7 14. Ng3 Bg6 15. Bg5 Kh8 16. Nh4 Ng8 17. Nxg6+ hxg6 18. Re4 Kh7 19. Qd2 1-0

[Event "Early-Titled-Tuesday-Blitz-March-05-2024"]
[Site "Chess.com"]
[Date "2024.03.05"]
[Round "2"]
[White "NM_Antelacus"]
[Black "erlesfar"]
[Result "1/2-1/2"]
[WhiteElo "2261"]
[BlackElo "2479"]
[TimeControl "180+1"]
[EndTime "8:15:29 PST"]
[Termination "Game drawn by agreement"]

1. e4 c5 2. c4 Nc6 3. Ne2 Nf6 4.
Nbc3 e6 5. g3 Be7 6. Bg2 O-O 7.
O-O b6 8. d3 Bb7 9. f4 Nb4 10.
a3 Nc6 11. e5 Ne8 12. Ne4 d5 13. exd6 Nxd6 14. N2c3 Nxe4 15. dxe4 Qd4+ 16. Qxd4 Nxd4 17. Kf2 Rfd8 18. Be3 Nc2 19. Rad1 Nxe3 20. Kxe3 Bf6 21. Bf3 Bd4+ 22. Ke2 Rd7 23. e5 Bxf3+ 24. Rxf3 Rad8 25. Rfd3 a6 26. R1d2 Kf8 27. Nd1 Ke8 28. b3 Bg1 29. h3 Rxd3 30. Rxd3 Rxd3 31. Kxd3 Bd4 32. Nc3 Bxc3 33.
Kxc3 1/2-1/2

[Event "Early-Titled-Tuesday-Blitz-March-05-2024"]
[Site "Chess.com"]
[Date "2024.03.05"]
[Round "2"]
[White "chezzgirl04"]
[Black "tolimachess"]
[Result "1-0"]
[WhiteElo "2120"]
[BlackElo "2428"]
[TimeControl "180+1"]
[EndTime "8:15:31 PST"]
[Termination "chezzgirl04 won by resignation"]

1. e4 c5 2. Nf3 e6 3. d4 cxd4 4. Nxd4 a6 5. Nc3 Qc7 6. Be3 Nf6 7. Be2 b5 8. a3 Bb7 9. f3 d6 10. O-O Nbd7 11. Qe1 Be7 12. Rd1 O-O 13. Qg3 Ne5 14.
f4 Nc4 15. Bxc4 Qxc4 16. e5 Nd5 17. Nxd5 Bxd5 18. b3 Qc7 19. f5 dxe5 20. f6 Bxf6 21. Rxf6 Qc3 22. Rd3 Qa1+ 23. Rf1 Qxa3 24. Bh6 g6 25.
Qxe5 f6 26. Rxf6 Rxf6 27. Qxf6 Qc1+ 28. Bxc1 1-0

[Event "Early-Titled-Tuesday-Blitz-March-05-2024"]
[Site "Chess.com"]
[Date "2024.03.05"]
[Round "2"]
[White "Rosh1610"]
[Black "GMG"]
[Result "0-1"]
[WhiteElo "2448"]
[BlackElo "2710"]
[TimeControl "180+1"]
[EndTime "8:15:32 PST"]
[Termination "GMG won by resignation"]

1. e4 c5 2. Nf3 Nc6 3. d4 cxd4 4. Nxd4 Nf6 5. Nc3 e5 6. Ndb5 d6 7. Bg5 a6 8. Na3 Be6 9. Nd5 Bxd5 10. exd5 Ne7 11. Bxf6 gxf6 12. c4 Bh6 13. Bd3 Qa5+ 14. Kf1 f5 15. Qh5 Qd2 16. Qe2 Qg5 17. h4 Qf6 18. Re1 e4 19. Bb1 O-O 20. f3 Ng6 21. Kg1 Rae8 22. fxe4 fxe4 23. h5 Nf4 24. Qg4+ Kh8 25. Kh2 Rg8 0-1

[Event "Early-Titled-Tuesday-Blitz-March-05-2024"]
[Site "Chess.com"]
[Date "2024.03.05"]
[Round "2"]
[White "DuleMudule"]
[Black "RandomNoob04"]
[Result "1-0"]
[WhiteElo "2864"]
[BlackElo "2570"]
[TimeControl "180+1"]
[EndTime "8:15:33 PST"]
[Termination "DuleMudule won by resignation"]

1. d4 Nf6 2. Bg5 d5 3. e3 c5 4. Bxf6 gxf6 5. c4 cxd4 6. exd4 e5 7. Nc3 Bb4 8. a3 Bxc3+ 9. bxc3 O-O 10. Bd3 dxc4 11.
Bxc4 Qa5 12. Ne2 Bg4 13. O-O Bxe2 14. Qxe2 Qxc3 15. Rfd1 Nc6 16. Rac1 Qxa3 17. Qg4+ Kh8 18. Qf5 Nxd4 19. Qxf6+ Kg8 20. Qxe5 Nc6 21. Qg5+ Kh8 22. Qf6+ Kg8 23. Rc3 Rfd8 24. Qxf7+ 1-0

[Event "Early-Titled-Tuesday-Blitz-March-05-2024"]
[Site "Chess.com"]
[Date "2024.03.05"]
[Round "2"]
[White "Akylbek2021"]
[Black "Muracle"]
[Result "0-1"]
[WhiteElo "2278"]
[BlackElo "2508"]
[TimeControl "180+1"]
[EndTime "8:15:34 PST"]
[Termination "Muracle won by resignation"]

1. e4 c6 2. d4 d5 3. Nc3 dxe4 4. Nxe4 Nf6 5. Nxf6+ exf6 6. Be2 Bd6 7. Bf3 O-O 8. Ne2 Re8 9. O-O Nd7 10. c4 Nf8 11. c5 Bc7 12. Be3 Ng6 13. b3 Nh4 14. Nc3 f5 15. d5 f4 16. Bd4 Qg5 17. d6 Bh3 18. g3 Ba5 19. Ne4 Qg6 20. Re1 Bxe1 21. Nf6+ gxf6 22.
Bh5 Qg5 0-1

[Event "Early-Titled-Tuesday-Blitz-March-05-2024"]
[Site "Chess.com"]
[Date "2024.03.05"]
[Round "2"]
[White "Kobalia"]
[Black "Actuary44"]
[Result "1-0"]
[WhiteElo "2795"]
[BlackElo "2538"]
[TimeControl "180+1"]
[EndTime "8:15:36 PST"]
[Termination "Kobalia won by resignation"]

1. e4 b6 2. d4 Bb7 3. Bd3 e6 4. Nf3 Nf6 5. Nbd2 d5 6. e5 Nfd7 7. O-O c5 8. c3 Nc6 9. Re1 Qc7 10. Nf1 O-O-O 11. Be3 h6 12. a3 f5 13. exf6 gxf6 14.
b4 c4 15. Bc2 e5 16. Bf5 Bd6 17. Ng3 h5 18. Nh4 Ne7 19. Qd2 Rdg8 20. Rf1 Kb8 21. f4 e4 22. a4 Bc8 23. b5 Nxf5 24. Ngxf5 Nf8 25. a5 Ng6 26. axb6 axb6 27. Qa2 Bb7 28. Nxg6 Rxg6 29. Nxd6 Qxd6 30. f5 Rg4 31. h3 Rh4 32. Qf2 1-0

[Event "Early-Titled-Tuesday-Blitz-March-05-2024"]
[Site "Chess.com"]
[Date "2024.03.05"]
[Round "2"]
[White "GM4life"]
[Black "kids2010"]
[Result "1-0"]
[WhiteElo "2475"]
[BlackElo "2769"]
[TimeControl "180+1"]
[EndTime "8:15:36 PST"]
[Termination "GM4life won by resignation"]

1. d4 d5 2. c4 e6 3. Nc3 Nf6 4. cxd5 Nxd5 5. e4 Nxc3 6. bxc3 c5 7. Rb1 cxd4 8. cxd4 Nc6 9. Nf3 Be7 10. Bb5 O-O 11. O-O Na5 12. Bb2 a6 13. Bd3 b5 14. d5 exd5 15.
exd5 Bf6 16. Bxf6 Qxf6 17. Qd2 Nb7 18. Ng5 g6 19. Ne4 Qe5 20. Rfe1 Bf5 21. Ng3 Qf6 22. Bxf5 gxf5 23. Nh5 Qh4 24. Qh6 1-0

[Event "Early-Titled-Tuesday-Blitz-March-05-2024"]
[Site "Chess.com"]
[Date "2024.03.05"]
[Round "2"]
[White "MITerryble"]
[Black "Mikasinski"]
[Result "1-0"]
[WhiteElo "3031"]
[BlackElo "2618"]
[TimeControl "180+1"]
[EndTime "8:15:39 PST"]
[Termination "MITerryble won by resignation"]

1. e4 c5 2. Nf3 d6 3. Bb5+ Bd7 4.
Bxd7+ Qxd7 5. O-O Nc6 6. c3 Nf6 7. d4 cxd4 8. cxd4 e6 9. d5 exd5 10. exd5 Nb4 11. Qe1+ Be7 12. Qxb4 Nxd5 13. Qb3 Nb6 14.
Be3 Nc8 15. Nc3 O-O 16. Nd5 Bd8 17. Rac1 Ne7 18. Rfd1 Nf5 19. Nd4 Nxe3 20. Qxe3 Re8 21. Qf3 Rc8 22. b3 Rc5 23. h3 Bg5 24. Rc4 b5 25.
Rc3 Re5 26. Rxc5 dxc5 27. Nc6 1-0

[Event "Early-Titled-Tuesday-Blitz-March-05-2024"]
[Site "Chess.com"]
[Date "2024.03.05"]
[Round "2"]
[White "otrov-11"]
[Black "Chesstiger64"]
[Result "1-0"]
[WhiteElo "2610"]
[BlackElo "2362"]
[TimeControl "180+1"]
[EndTime "8:15:42 PST"]
[Termination "otrov-11 won by checkmate"]

1. d4 d6 2. Nf3 Bg4 3. g3 Bxf3 4. exf3 d5 5. Bg2 c6 6. O-O e6 7. f4 Bd6 8. Nd2 Ne7 9. Nf3 Nd7 10. Ne5 O-O 11. h4 c5 12. dxc5 Bxc5 13. Nd3 Bb6 14. c3 Nf5 15. Kh2 Rc8 16. Bh3 g6 17. Qf3 Rc4 18. h5 Nf6 19. Ne5 Re4 20. hxg6 hxg6 21.
Qd3 Kg7 22. f3 Rxe5 23. fxe5 Nd7 24. Re1 Rh8 25. Bf4 a5 26. a4 Rh7 27. Kg2 Qh8 28. Rh1 Kg8 29. Bxf5 gxf5 30. Rxh7 Qxh7 31. Rh1 Qg6 32.
Qb5 f6 33. Qxd7 fxe5 34. Bxe5 Bc5 35. Rh8# 1-0

[Event "Early-Titled-Tuesday-Blitz-March-05-2024"]
[Site "Chess.com"]
[Date "2024.03.05"]
[Round "2"]
[White "dealshark"]
[Black "Real_taiatai"]
[Result "1-0"]
[WhiteElo "2336"]
[BlackElo "2503"]
[TimeControl "180+1"]
[EndTime "8:15:43 PST"]
[Termination "dealshark won by resignation"]

1. Nf3 Nf6 2. c4 e6 3. e3 b6 4. Nc3 Bb7 5. d4 d5 6. Be2 Bb4 7. O-O O-O 8. Qc2 Nbd7 9. a3 Be7 10. b3 a6 11. Bb2 c5 12. Rfd1 cxd4 13. Nxd4 Rc8 14. Bf3 Qc7 15. cxd5 exd5 16. Rac1 Ne5 17. Be2 Neg4 18. g3 Rfe8 19. Bxg4 Nxg4 20. Qf5 Nh6 21.
Qd3 Qd7 22. Nce2 Bd6 23. Rxc8 Bxc8 24. Nf4 Qc6 25. Nxc6 1-0

[Event "Early-Titled-Tuesday-Blitz-March-05-2024"]
[Site "Chess.com"]
[Date "2024.03.05"]
[Round "2"]
[White "Evgeny81"]
[Black "Statham_01"]
[Result "1-0"]
[WhiteElo "2766"]
[BlackElo "2529"]
[TimeControl "180+1"]
[EndTime "8:15:44 PST"]
[Termination "Evgeny81 won by resignation"]

1. e4 e5 2. Nf3 Nf6 3. Nxe5 Nc6 4. Nxc6 dxc6 5. Be2 Bc5 6. d3 h5 7. Be3 Bxe3 8. fxe3 Ng4 9. Bxg4 Bxg4 10. Qd2 Qh4+ 11. Qf2 Qg5 12. Nd2 O-O-O 13. O-O Kb8 14. Qf4 Qc5 15.
Rac1 g5 16. Qf2 Rdf8 17. d4 Qa5 18. a3 Be6 19. c4 f5 20. Nb3 Qb6 21. Nc5 Bc8 22. b4 a5 23. e5 axb4 24. axb4 Qxb4 25. Na6+ bxa6 26. Rb1 a5 27. Rxb4+ axb4 28. Qb2 Bb7 29. Qxb4 f4 30. Rb1 1-0

[Event "Early-Titled-Tuesday-Blitz-March-05-2024"]
[Site "Chess.com"]
[Date "2024.03.05"]
[Round "2"]
[White "manitodeplomo"]
[Black "Defenstrator"]
[Result "1-0"]
[WhiteElo "2706"]
[BlackElo "2436"]
[TimeControl "180+1"]
[EndTime "8:15:46 PST"]
[Termination "manitodeplomo won by resignation"]

1. d4 Nf6 2. c4 g6 3. Nc3 Bg7 4. e4 O-O 5. Be2 b6 6. Nf3 Bb7 7. Qc2 e6 8. e5 Ne8 9. O-O f6 10.
exf6 Nxf6 11. Bg5 h6 12. Bh4 g5 13. Bg3 Nh5 14. Rad1 Nc6 15. d5 Nxg3 16. hxg3 exd5 17. cxd5 Ne5 18. Nd4 Qf6 19. g4 Ng6 20. Nf5 Nf4 21. Bc4 d6 22. g3 Ng6 23. Rfe1 Ne5 24. Be2 h5 25. Ne4 Qg6 26. Ne7+ 1-0

[Event "Early-Titled-Tuesday-Blitz-March-05-2024"]
[Site "Chess.com"]
[Date "2024.03.05"]
[Round "2"]
[White "shirovin"]
[Black "jamengrand"]
[Result "0-1"]
[WhiteElo "2060"]
[BlackElo "2444"]
[TimeControl "180+1"]
[EndTime "8:15:48 PST"]
[Termination "jamengrand won by checkmate"]

1. e4 c5 2. Nf3 Nc6 3. b4 cxb4 4.
d4 d5 5. exd5 Qxd5 6. c4 bxc3 7.
Nxc3 Qa5 8. d5 e6 9. dxc6 Bb4 10. Rb1 Bxc3+ 11. Bd2 Bxd2+ 12. Nxd2 bxc6 13. Qc2 Ne7 14. Bd3 Ba6 15. O-O Bxd3 16. Qxd3 Rd8 17. Qg3 Qxd2 18.
Qxg7 Rg8 19. Qf6 Nd5 20. Qh4 Nf4 21. g3 Ne2+ 22. Kh1 Qd5+ 23. f3 Qd3 24. Rfd1 Qxd1+ 25. Rxd1 Rxd1+ 26. Kg2 Rd2 27. Kh3 Ng1# 0-1

[Event "Early-Titled-Tuesday-Blitz-March-05-2024"]
[Site "Chess.com"]
[Date "2024.03.05"]
[Round "2"]
[White "MasterKroket"]
[Black "knightinshiningarmour16"]
[Result "0-1"]
[WhiteElo "2466"]
[BlackElo "2251"]
[TimeControl "180+1"]
[EndTime "8:15:53 PST"]
[Termination "knightinshiningarmour16 won by resignation"]

1. e4 c6 2. d4 d5 3. Nc3 a6 4. e5 Bf5 5. g4 Bd7 6. Bg2 e6 7. Nge2 c5 8. dxc5 Bxc5 9. Be3 Bxe3 10. fxe3 Qb6 11. Qd4 Qb5 12. O-O Qxb2 13. Rab1 Qxc2 14. Rxb7 Nc6 15. Qc5 Nge7 16. Qd6 Rd8 17. Qa3 Qd3 18. Kh1 O-O 19. Nf4 Qxe3 20. Qxa6 Qxe5 21. Nb5 Bc8 22. Nd3 Qe2 23. Nc3 Bxb7 24. Nxe2 Bxa6 25. Rd1 0-1

[Event "Early-Titled-Tuesday-Blitz-March-05-2024"]
[Site "Chess.com"]
[Date "2024.03.05"]
[Round "2"]
[White "sathvikadiga"]
[Black "mertfelin"]
[Result "1-0"]
[WhiteElo "2594"]
[BlackElo "2352"]
[TimeControl "180+1"]
[EndTime "8:16:02 PST"]
[Termination "sathvikadiga won by resignation"]

1. e4 e5 2. Nf3 Nc6 3. Bc4 Bc5 4. d3 Nf6 5. O-O O-O 6. Re1 d6 7. c3 Bb6 8. h3 Ne7 9. Nbd2 Ng6 10. Nf1 c6 11. Bb3 Re8 12. Ng3 d5 13. Bg5 dxe4 14.
Nxe4 Be6 15. Bc2 Bd5 16. Bxf6 gxf6 17. Qd2 Bxe4 18. Rxe4 Bc5 19. Rae1 Qd7 20. Qh6 Bf8 21. Qh5 Nf4 22. Rxf4 exf4 23. d4 Rxe1+ 24. Nxe1 h6 25. Bf5 Qd5 26. Nd3 Re8 27. Nxf4 Re1+ 28. Kh2 Qd6 29. g3 Rf1 30. Qe2 Ra1 31. Bd3 Qe7 32.
Qg4+ Bg7 33. Nh5 Qf8 34. Qf5 1-0

[Event "Early-Titled-Tuesday-Blitz-March-05-2024"]
[Site "Chess.com"]
[Date "2024.03.05"]
[Round "2"]
[White "corvachesky"]
[Black "RogelioOscarSanchezB"]
[Result "1-0"]
[WhiteElo "2444"]
[BlackElo "2023"]
[TimeControl "180+1"]
[EndTime "8:16:08 PST"]
[Termination "corvachesky won by resignation"]

1. Nf3 Nf6 2. c4 g6 3. g3 Bg7 4. Bg2 O-O 5. O-O d6 6. d4 Nc6 7. b3 Re8 8. Bb2 Bg4 9. h3 Bxf3 10. Bxf3 e5 11. dxe5 dxe5 12. Nc3 Qc8 13. Bg2 Nd4 14. e3 Ne6 15. Nd5 c6 16. Nxf6+ Bxf6 17. f4 Nc5 18. Qd6 Nd7 19. Rad1 Rd8 20. fxe5 Bg7 21. Qe7 1-0

[Event "Early-Titled-Tuesday-Blitz-March-05-2024"]
[Site "Chess.com"]
[Date "2024.03.05"]
[Round "2"]
[White "FlemingA"]
[Black "GeorgiosSouleidis"]
[Result "1/2-1/2"]
[WhiteElo "2446"]
[BlackElo "2700"]
[TimeControl "180+1"]
[EndTime "8:16:10 PST"]
[Termination "Game drawn by repetition"]

1. Nc3 c5 2. e4 Nc6 3. Nge2 e6 4. g3 Nf6 5. Bg2 d5 6. exd5 exd5 7. d4 Be7 8. O-O h6 9. dxc5 d4 10. Nb5 Bxc5 11.
c3 dxc3 12. Qxd8+ Kxd8 13. Nexc3 Be6 14. Bf4 Ke7 15. Na4 Bb6 16. Bd6+ Kd8 17. Nxb6 axb6 18. Bc7+ Kc8 19. Bxb6 Ra6 20. Bc5 Rd8 21. Nd6+ Kc7 22. Nb5+ Kc8 23. Nd6+ Kc7 24. Nb5+ Kc8 1/2-1/2

[Event "Early-Titled-Tuesday-Blitz-March-05-2024"]
[Site "Chess.com"]
[Date "2024.03.05"]
[Round "2"]
[White "Talcrifice"]
[Black "EvgenyBurmakin"]
[Result "1-0"]
[WhiteElo "2577"]
[BlackElo "2348"]
[TimeControl "180+1"]
[EndTime "8:16:12 PST"]
[Termination "Talcrifice won by resignation"]

1. d4 Nf6 2. c4 g6 3. Nc3 Bg7 4. e4 d6 5. Nf3 O-O 6. Be2 e5 7. Be3 Nc6 8. d5 Ne7 9. Nd2 Ne8 10. b4 f5 11. f3 Nf6 12. c5 h5 13. h4 Nh7 14.
Nc4 Bf6 15. Qd2 Bxh4+ 16. Rxh4 Nc6 17. Rh1 Nxb4 18. Rb1 Na6 19. cxd6 cxd6 20. Nb5 Rf6 21. Nxa7 Nc5 22. Nxc8 Rxc8 23. Bxc5 Rxc5 24. Rxb7 fxe4 25. fxe4 Ng5 26. Rxh5 Rxc4 27. Bxc4 Nxe4 28. Rh8+ Kxh8 29. Qh6+ 1-0

[Event "Early-Titled-Tuesday-Blitz-March-05-2024"]
[Site "Chess.com"]
[Date "2024.03.05"]
[Round "2"]
[White "BeyondMadness"]
[Black "Josetricks"]
[Result "0-1"]
[WhiteElo "2228"]
[BlackElo "2532"]
[TimeControl "180+1"]
[EndTime "8:16:14 PST"]
[Termination "Josetricks won by resignation"]

1. e4 c5 2. Nf3 e6 3. d4 cxd4 4.
Nxd4 Bc5 5. Nb3 Bb6 6. Bd3 Ne7 7. c4 O-O 8. Nc3 Nbc6 9. O-O f5 10. exf5 Nxf5 11.
c5 Bc7 12. g3 b6 13. Nb5 Ba6 14. Nxc7 Bxd3 15. Nxa8 Bxf1 16. Qxf1 Qxa8 17. cxb6 axb6 18. Bd2 Ne5 19. Qg2 Nf3+ 20. Kh1 Qd5 21. Bc3 Rc8 22.
Nd2 Nxd2 23. Qxd5 exd5 24. Bxd2 Rc2 25. Bf4 Rxb2 26. Kg1 Kf7 27. a4 Nd4 28. Kg2 Nc6 29. Rd1 d4 30. Bc7 Ke6 31. Rd3 Kd5 32. Rf3 Kc4 33. Rf7 d3 34. Rxd7 d2 35. Bf4 Nd4 36.
Be5 d1=Q 0-1

[Event "Early-Titled-Tuesday-Blitz-March-05-2024"]
[Site "Chess.com"]
[Date "2024.03.05"]
[Round "2"]
[White "miraitrunks"]
[Black "Fernando_Offermann"]
[Result "1/2-1/2"]
[WhiteElo "2179"]
[BlackElo "2453"]
[TimeControl "180+1"]
[EndTime "8:16:14 PST"]
[Termination "Game drawn - insufficient material"]

1. e4 c5 2. c3 Nf6 3. e5 Nd5 4. d4 cxd4 5. Nf3 Nc6 6. cxd4 d6 7. Bc4 Nb6 8. Bb3 dxe5 9. d5 Na5 10. Ba4+ Bd7 11. Nc3 Bxa4 12. Nxa4 Nxd5 13. Nxe5 e6 14. Bd2 Rc8 15. O-O Nc6 16. Nxc6 Rxc6 17. Nc3 Be7 18. Re1 O-O 19. Qf3 Nb4 20. Rad1 Qb6 21. Be3 Qa6 22. Bd4 Nc2 23. Re4 Nxd4 24. Rdxd4 Bf6 25. Rd7 Qb6 26. Rg4 Bxc3 27. bxc3 Rxc3 28. Rxg7+ Kxg7 29. Qxc3+ Kg6 30. h4 h6 31. h5+ Kxh5 32. Qf6 Qb1+ 33. Kh2 Qg6 34.
Qf3+ Qg4 35. Qxb7 Qf4+ 36. Kg1 Rb8 37. Qf3+ Qxf3 38. gxf3 Rb1+ 39. Kg2 a5 40. Rxf7 Rb2 41. Rf6 Rxa2 42. Rxe6 a4 43. Ra6 Ra1 44. Kg3 a3 45. f4 a2 46. Kf3 Rh1 47. Rxa2 Kg6 48. Ra6+ Kf7 49. f5 Rh4 50. Kg3 Rh1 51. f4 Kg7 52.
Rg6+ Kf7 53. Rg4 Kf6 54. Rh4 Rxh4 55. Kxh4 Kxf5 56. Kh5 Kxf4 57. Kxh6 1/2-1/2

[Event "Early-Titled-Tuesday-Blitz-March-05-2024"]
[Site "Chess.com"]
[Date "2024.03.05"]
[Round "2"]
[White "Incognito_Knight"]
[Black "salzikis"]
[Result "1-0"]
[WhiteElo "2707"]
[BlackElo "2432"]
[TimeControl "180+1"]
[EndTime "8:16:15 PST"]
[Termination "Incognito_Knight won by resignation"]

1. e4 e5 2. Nf3 Nf6 3. Nc3 Nc6 4. a3 a6 5. d4 exd4 6. Nxd4 Bc5 7. Be3 Nxd4 8. Bxd4 Bxd4 9. Qxd4 d6 10. O-O-O Be6 11. Bc4 Qe7 12. Bxe6 fxe6 13. e5 dxe5 14. Qxe5 O-O 15.
f3 Rad8 16. Rhe1 Rxd1+ 17. Rxd1 Kf7 18. Ne4 Kg8 19. Nc5 Re8 20. Nxb7 Nd5 21. c4 Nb6 22. Na5 Kf7 23. Nc6 Qf6 24. Qxc7+ Kg6 25. Qxb6 e5 26. Nxe5+ Rxe5 27. Rd6 1-0